 Dungeon Crawl Stone Soup version 0.19.0 (webtiles) character file.

1287 PhynixH2O the Fighter (level 8, -1/69 HPs)
             Began as a Demonspawn Abyssal Knight on Nov 1, 2016.
             Was a Priest of Lugonu.
             Killed from afar by Dowan (9 damage)
             ... with a stone arrow
             ... on level 4 of the Dungeon.
             The game lasted 00:24:18 (5348 turns).

PhynixH2O the Fighter (Demonspawn Abyssal Knight)   Turns: 5348, Time: 00:24:18

Health: -1/69      AC: 14    Str: 14    XL:     8   Next: 30%
Magic:  9/9        EV: 11    Int: 14    God:    Lugonu [***...]
Gold:   263        SH:  0    Dex: 17    Spells: 0 memorised, 7 levels left

rFire  + . .     SeeInvis .     a - +1 falchion
rCold  . . .     Gourm    .     r - +0 scale mail
rNeg   . . .     Faith    .     (no shield)
rPois  .         Spirit   .     s - +2 helmet
rElec  .         Reflect  .     (no cloak)
rCorr  .         Harm     .     o - +0 pair of gloves
MR     .....                    (no boots)
Stlth  ..........               (no amulet)
                                F - +4 ring of dexterity
                                z - ring of protection from fire

@: glowing
A: hooves 1, thin metallic scales 2, mutation resistance 1
a: Depart the Abyss, Bend Space, Banish, Renounce Religion


You were on level 4 of the Dungeon.
You worshipped Lugonu.
Lugonu was most pleased with you.
You were hungry.

You visited 1 branch of the dungeon, and saw 5 of its levels.
You visited the Abyss 1 time.

You collected 263 gold pieces.

Inventory:

Hand Weapons
 a - a +1 falchion (weapon)
 A - a +0 long sword
Armour
 o - a +0 pair of gloves (worn)
 r - a +0 scale mail (worn)
 s - a +2 helmet (worn)
Jewellery
 j - an uncursed ring of protection from cold
 z - a ring of protection from fire (left hand)
 F - a +4 ring of dexterity (right hand)
Wands
 y - a wand of paralysis (7/24)
Scrolls
 e - a scroll of fear {unknown}
 g - 2 scrolls of amnesia {unknown}
 h - 2 scrolls of fog {unknown}
 i - 4 scrolls of identify
 k - a scroll of random uselessness {unknown}
 l - a scroll of enchant armour {unknown}
 p - 4 scrolls of remove curse {unknown}
 u - a scroll of immolation {unknown}
 C - a scroll of blinking {unknown}
 D - a scroll of magic mapping {unknown}
 E - a scroll of enchant weapon {unknown}
Potions
 b - a potion of heal wounds {unknown}
 f - a potion of mutation
 v - a potion of ambrosia {unknown}
 w - 2 potions of degeneration {unknown}
Comestibles
 c - 4 bread rations
 d - 6 fruits
 m - a royal jelly
 q - a beef jerky
 x - 3 meat rations


   Skills:
 - Level 8.6 Fighting
 - Level 3.0 Long Blades
 + Level 3.6 Armour
 - Level 3.6 Dodging
 - Level 2.4 Invocations


You had 7 spell levels left.
You didn't know any spells.

Dungeon Overview and Level Annotations

Branches:
Dungeon (5/15)             Temple (0/1) D:5

Altars:
Fedhas
Okawaru

Annotations:
D:4 Dowan


Innate Abilities, Weirdness & Mutations

You have large cloven feet.
You are mostly covered in thin metallic scales. (AC +3)
You are somewhat resistant to further mutation.


Message History

* * * LOW HITPOINT WARNING * * *
Dowan mumbles some strange words.
You hit Dowan. You kick Dowan, but do no damage.
Dowan is severely wounded.
Dowan gestures wildly while chanting.
Dowan blinks!
Dowan casts a spell.
Dowan hits you but does no damage.
You barely miss Dowan.
Dowan is severely wounded.
Dowan casts a spell at you. The stone arrow hits you!
* * * LOW HITPOINT WARNING * * *
Dowan casts a spell.
Dowan blinks!
Dowan gestures wildly while chanting.
Dowan blinks!
Dowan gestures at you while chanting. The stone arrow hits you!
You die...

##............
#.....#'######
#.....#.......
#.....#.......
#.....#.......
########.....#.......
#...§........#.......
#............#.......
#.§[@........#.......
#......e.....###.##.#
#.....).###### #+####
#.......# # #########
# # #############
...........<.
#...........(.


You could see Dowan.

Vanquished Creatures
  Sigmund (D:5)
  Menkaure (D:4)
  Eustachio (D:5)
  Duvessa (D:4)
  An ice beast (D:5)
  A phantom (D:4)
  A centaur (D:5)
  A crimson imp (D:5)
  A hound (D:4)
  A bullfrog skeleton (D:5)
  An orc priest (D:5)
  Jessica (D:2)
  3 worker ants
  2 orc wizards (D:5)
  3 gnolls (D:5)
  A howler monkey skeleton (D:4)
  8 adders
  A shadow imp (D:5)
  An adder skeleton (D:4)
  4 worms
  5 leopard geckos
  14 orcs
  5 giant cockroaches
  6 goblins
  9 hobgoblins
  7 jackals
  4 quokkas
  2 ball pythons
  11 bats
  3 frilled lizards
  A jackal skeleton (D:4)
  5 kobolds
  8 rats
115 creatures vanquished.

Notes
Turn   | Place    | Note
-------+----------+-------------------------------------------
     0 | Abyss:1  | PhynixH2O the Demonspawn Abyssal Knight began the quest for the Orb.
     0 | Abyss:1  | Reached XP level 1. HP: 18/18 MP: 2/2
     2 | Abyss:1  | Found a corrupted altar of Lugonu.
   209 | Abyss:1  | Noticed an ancient zyme
   209 | D:1      | Escaped the Abyss
   212 | D:1      | Noticed a human
   212 | D:1      | Noticed a felid
   214 | D:1      | Noticed a tengu
   214 | D:1      | Noticed a troll
   216 | D:1      | Noticed a formicid
   218 | D:1      | Noticed a spriggan
   218 | D:1      | Noticed an elf
   220 | D:1      | Noticed a minotaur
   220 | D:1      | Noticed an ogre
   222 | D:1      | Noticed a vine stalker
   222 | D:1      | Noticed a draconian
   224 | D:1      | Noticed a naga
   224 | D:1      | Noticed a dwarf
   226 | D:1      | Noticed a demonspawn
   228 | D:1      | Noticed a halfling
   228 | D:1      | Noticed a centaur
   232 | D:1      | Noticed an octopode
   232 | D:1      | Noticed a gargoyle
   234 | D:1      | Noticed a merfolk
   234 | D:1      | Noticed a ghoul
   236 | D:1      | Noticed a vampire
   238 | D:1      | Noticed a demigod
   657 | D:1      | Gained mutation: You are partially covered in thin metallic scales. (AC +2) [demonic ancestry]
   657 | D:1      | Reached XP level 2. HP: 22/24 MP: 3/3
   688 | D:1      | Reached * piety under Lugonu
  1260 | D:2      | Noticed Jessica
  1264 | D:2      | Reached XP level 3. HP: 30/30 MP: 4/4
  1285 | D:2      | Killed Jessica
  1285 | D:2      | Reached skill level 4 in Fighting
  1296 | D:2      | Reached XP level 4. HP: 13/38 MP: 5/5
  1848 | D:2      | Reached ** piety under Lugonu
  2440 | D:3      | Reached skill level 5 in Fighting
  2490 | D:3      | Gained mutation: You are mostly covered in thin metallic scales. (AC +3) [demonic ancestry]
  2490 | D:3      | Reached XP level 5. HP: 34/44 MP: 6/6
  2874 | D:4      | Noticed an ogre
  3170 | D:4      | Reached skill level 1 in Dodging
  3221 | D:4      | Found an iron altar of Okawaru.
  3244 | D:4      | Gained mutation: You are somewhat resistant to further mutation. [potion of mutation]
  3434 | D:4      | Noticed Menkaure
  3448 | D:4      | Killed Menkaure
  3448 | D:4      | Reached XP level 6. HP: 22/51 MP: 7/7
  3747 | D:5      | Entered Level 5 of the Dungeon
  3957 | D:5      | Noticed Sigmund
  4001 | D:5      | Killed Sigmund
  4001 | D:5      | Reached skill level 6 in Fighting
  4001 | D:5      | Gained mutation: You have large cloven feet. [demonic ancestry]
  4001 | D:5      | Reached XP level 7. HP: 37/59 MP: 8/8
  4154 | D:5      | Found a blossoming altar of Fedhas.
  4154 | D:5      | Noticed Eustachio
  4176 | D:5      | Killed Eustachio
  4176 | D:5      | Reached *** piety under Lugonu
  4176 | D:5      | Reached skill level 7 in Fighting
  4232 | D:5      | Found a staircase to the Ecumenical Temple.
  4438 | D:5      | Reached skill level 8 in Fighting
  4990 | D:5      | Reached XP level 8. HP: 38/69 MP: 9/9
  5301 | D:4      | Noticed Duvessa
  5302 | D:4      | Noticed Dowan
  5338 | D:4      | Killed Duvessa
  5348 | D:4      | Killed from afar by Dowan

Skill      XL: |  1  2  3  4  5  6  7  8 |
---------------+-------------------------+-----
Long Blades    | 2 3 |  3.0
Fighting       | 4 5 6 8 |  8.6
Dodging        | 3 |  3.6
Armour         | 3 |  3.6
Invocations    | |  2.4

Action                   |  1- 3 |  4- 6 |  7- 9 || total
-------------------------+-------+-------+-------++-------
Melee: Falchion          |    95 |   208 |   312 ||   615
       Kick              |       |       |   116 ||   116
Invok: Depart the Abyss  |     1 |       |       ||     1
       Bend Space        |       |     1 |     1 ||     2
  Use: Potion            |       |     6 |     3 ||     9
       Scroll            |       |       |     1 ||     1
  Eat: Chunk             |     1 |     8 |     6 ||    15
Armor: Leather armour    |    33 |       |       ||    33
       Scale mail        |    29 |    92 |   179 ||   300
       Skin              |       |    10 |       ||    10
Dodge: Dodged            |    76 |   122 |   169 ||   367
       Rpst.: Falchion   |    30 |    33 |    54 ||   117
